 Dungeon Crawl Stone Soup version 0.17-a0-2118-g63bad21 (webtiles) character file.

25487 Duffy the Severer (level 13, -9/110 HPs)
             Began as a Hill Orc Fire Elementalist on Oct 20, 2015.
             Was the Champion of Cheibriados.
             Mangled by a death yak (21 damage)
             ... on level 5 of the Lair of Beasts.
             The game lasted 00:36:10 (22511 turns).

Duffy the Severer (Hill Orc Fire Elementalist)     Turns: 22511, Time: 00:36:10

Health: -9/110     AC: 17    Str: 27    XL:     13   Next: 19%
Magic:  18/18      EV: 14    Int: 30    God:    Cheibriados [******]
Gold:   492        SH:  0    Dex: 30    Spells: 2 memorised, 12 levels left

rFire  + + .     SeeInvis .     b - +5 executioner's axe (venom)
rCold  . . .     Clarity  .     o - +2 plate armour {rF+}
rNeg   . . .     SustAt   .     (no shield)
rPois  .         Gourm    .     Q - +0 helmet
rElec  .         Spirit   .     (no cloak)
rCorr  .         Warding  .     (no gloves)
rMut   .         Stasis   .     (no boots)
MR     .....                    X - amulet of regeneration
Stlth  ..........               Y - ring of protection from fire
                                n - +5 ring of slaying

@: very slow, not resistant to hostile enchantments, extremely unstealthy
A: no striking features
a: Bend Time, Temporal Distortion, Slouch, Step From Time, Renounce Religion


You were on level 5 of the Lair of Beasts.
You worshipped Cheibriados.
Cheibriados was exalted by your worship.
You were not hungry.

You visited 3 branches of the dungeon, and saw 16 of its levels.

You collected 852 gold pieces.
You spent 360 gold pieces at shops.


   Skills:
 + Level 8.8 Fighting
 * Level 16.5 Axes
 + Level 9.6 Armour
 + Level 7.3 Dodging
 - Level 1.5 Stealth
 - Level 3.5 Spellcasting
 - Level 7.2 Conjurations
 - Level 7.0 Fire Magic


You had 12 spell levels left.
You knew the following spells:

 Your Spells              Type           Power        Failure   Level  Hunger
c - Conjure Flame         Conj/Fire      #####...     12%         3    ##.....
s - Sticky Flame          Conj/Fire      #####...     34%         4    ####...

Inventory:

Hand Weapons
 a - a +2 war axe of flaming
 b - a +5 executioner's axe of venom (weapon)
Missiles
 f - 2 throwing nets
 A - 12 javelins (quivered)
 U - 28 poisoned needles
Armour
 o - a +2 plate armour of fire resistance (worn)
 Q - a +0 helmet (worn)
Jewellery
 n - a +5 ring of slaying (left hand)
 v - an uncursed ring of wizardry
 E - an uncursed ring of fire
 L - an uncursed ring of teleportation
 P - an uncursed amulet of stasis
 X - an amulet of regeneration (around neck)
 Y - a ring of protection from fire (right hand)
Wands
 d - a wand of heal wounds (5)
 h - a wand of fire (9)
 q - a wand of lightning (4)
 C - a wand of teleportation (6)
 N - a wand of disintegration (12)
Scrolls
 k - 2 scrolls of fog
 t - 5 scrolls of remove curse
 w - a scroll of teleportation
 H - 4 scrolls of recharging
 I - a scroll of magic mapping
Potions
 e - 2 potions of invisibility
 i - a potion of might
 j - a potion of brilliance
 l - a potion of cancellation
 m - a potion of poison {unknown}
 r - a potion of magic
 s - a potion of beneficial mutation {unknown}
 D - a potion of cure mutation
 J - a potion of mutation {unknown}
 O - 8 potions of curing
 R - a potion of heal wounds
 S - 2 potions of agility
 T - a potion of lignification {unknown}
 V - a potion of ambrosia {unknown}
 W - a potion of flight {unknown}
Comestibles
 c - 7 bread rations
 g - 7 meat rations
 p - 5 fruits
 x - 4 beef jerkies
 K - 5 slices of pizza

Dungeon Overview and Level Annotations

Branches:
Dungeon (10/15)            Temple (1/1) D:7            Lair (5/8) D:10
  Swamp: Lair:3-6    Shoals: Lair:3-6     Snake: Lair:3-6    Spider: Lair:3-6
    Orc: D:9-12

Altars:
Ashenzari
Cheibriados
Dithmenos
Elyvilon
Fedhas
Gozag
Kikubaaqudgha
Makhleb
Nemelex Xobeh
Okawaru
Qazlal
Ru
Sif Muna
Trog
Vehumet
Xom
Yredelemnul
Zin
The Shining One

Shops:
D:7 (*   D:8 }


Message History

The death yak is moderately wounded.
The crocodile misses you. The death yak gores you!!
The death yak closely misses you. The death yak gores you.
Unknown command.
You are too injured to fight recklessly!
You are too injured to fight recklessly!
Unknown command.
You are too injured to fight recklessly!
Unknown command.
You are too injured to fight recklessly!
Your plate armour prevents you from hitting the death yak.
You slash the death yak!
The death yak is heavily wounded.
You slice the crocodile!!
The crocodile looks even sicker.
The crocodile is almost dead.
You slash the death yak!
The death yak looks even sicker.
The death yak is severely wounded.
The crocodile closely misses you. The death yak gores you.
The death yak gores you. The death yak misses you.
The crocodile barely misses you.
Unknown command.
You open the death yak like a pillowcase!!!
The death yak is poisoned.
The death yak is heavily wounded.
Your plate armour prevents you from hitting the death yak.
The death yak is heavily wounded.
You hit the crocodile but do no damage.
The crocodile is almost dead.
You slash the death yak!
The death yak is almost dead.
You hear a loud, deep croak!
You kill the crocodile!
Cheibriados appreciates the change of pace.
The death yak misses you. The death yak gores you!! The death yak gores you!!
You die...

##. .##.......##
P#P..#.#.........
.......+........ .
#.......#.. ..
##......##. ..
####.....####.# #
..........P...#...
..................
..........Y@†......
.........YYY....≈≈.
..[......Y.♣♣♣.≈≈♣♣
.P........♣. ≈♣♣
#####...♣... ≈♣
#... ♣.. .♣ .....
.. ♣ #...


You could see 5 death yaks.

Action                   |  1- 3 |  4- 6 |  7- 9 | 10-12 | 13-15 || total
-------------------------+-------+-------+-------+-------+-------++-------
Melee: Dagger            |    28 |    85 |    12 |       |       ||   125
       Trident           |       |       |    71 |       |       ||    71
       War axe           |       |       |   131 |   602 |    66 ||   799
       Executioner's axe |       |       |       |       |    12 ||    12
Throw: Stone             |       |     2 |       |       |       ||     2
       Javelin           |       |     2 |     7 |       |       ||     9
 Cast: Flame Tongue      |    54 |    56 |    32 |     5 |       ||   147
       Conjure Flame     |     1 |     3 |     8 |     8 |       ||    20
       Sticky Flame      |       |     1 |     4 |     9 |       ||    14
Evoke: Wand              |       |       |       |     4 |       ||     4
  Use: Scroll            |       |     7 |     6 |    23 |       ||    36
       Potion            |       |       |     3 |     3 |       ||     6
 Stab: Sleeping          |       |     4 |     3 |       |       ||     7
       Distracted        |       |       |     2 |     1 |       ||     3
       Invisible         |       |       |       |     7 |       ||     7
  Eat: Chunk             |     4 |    12 |    18 |    18 |     2 ||    54
       Pizza             |       |     1 |       |       |       ||     1
       Beef jerky        |       |       |     3 |       |       ||     3
       Royal jelly       |       |       |     1 |     1 |       ||     2

Notes
Turn   | Place    | Note
--------------------------------------------------------------
     0 | D:1      | Duffy the Hill Orc Fire Elementalist began the quest for the Orb.
     0 | D:1      | Reached XP level 1. HP: 14/14 MP: 3/3
   272 | D:1      | Reached skill level 2 in Conjurations
   272 | D:1      | Reached XP level 2. HP: 20/20 MP: 1/4
  1061 | D:2      | Reached XP level 3. HP: 14/26 MP: 0/5
  1213 | D:2      | Learned a level 3 spell: Conjure Flame
  1266 | D:2      | Reached skill level 3 in Conjurations
  1333 | D:2      | Found a glowing golden altar of the Shining One.
  1991 | D:2      | Reached XP level 4. HP: 33/33 MP: 1/6
  2098 | D:2      | Found a white marble altar of Elyvilon.
  2375 | D:2      | Reached skill level 4 in Conjurations
  2878 | D:3      | Reached skill level 4 in Fire Magic
  2878 | D:3      | Reached XP level 5. HP: 38/38 MP: 3/7
  3040 | D:3      | Found an opulent altar of Gozag.
  3088 | D:3      | Reached skill level 2 in Spellcasting
  3201 | D:3      | Learned a level 4 spell: Sticky Flame
  3768 | D:3      | Reached XP level 6. HP: 41/45 MP: 5/9
  4282 | D:3      | You fall through a shaft!
  4288 | D:4      | Noticed Eustachio
  4741 | D:4      | Reached skill level 5 in Fire Magic
  4966 | D:4      | Found an ancient bone altar of Kikubaaqudgha.
  4966 | D:4      | Found a shimmering altar of Xom.
  5654 | D:4      | Killed Eustachio
  5654 | D:4      | Reached skill level 3 in Fighting
  5654 | D:4      | Reached XP level 7. HP: 34/57 MP: 1/10
  5949 | D:5      | Entered Level 5 of the Dungeon
  6390 | D:4      | Reached skill level 6 in Fire Magic
  6707 | D:5      | Reached skill level 7 in Fire Magic
  6969 | D:5      | Reached skill level 4 in Fighting
  6969 | D:5      | Reached XP level 8. HP: 64/67 MP: 5/11
  7105 | D:5      | Reached skill level 5 in Conjurations
  7234 | D:5      | Reached skill level 6 in Conjurations
  7868 | D:5      | Reached skill level 7 in Conjurations
  8210 | D:5      | Reached skill level 1 in Axes
  8536 | D:6      | Reached skill level 5 in Fighting
  8658 | D:6      | Reached skill level 2 in Axes
  8822 | D:6      | Reached skill level 3 in Axes
  8822 | D:6      | Reached skill level 2 in Dodging
  9168 | D:6      | Found a sparkling altar of Nemelex Xobeh.
  9429 | D:6      | Reached XP level 9. HP: 74/74 MP: 12/12
  9446 | D:6      | Reached skill level 4 in Axes
  9863 | D:7      | Noticed Pikel
 10167 | D:6      | Killed Pikel
 10167 | D:6      | Reached skill level 6 in Fighting
 10167 | D:6      | Reached skill level 6 in Axes
 10167 | D:6      | Reached skill level 3 in Dodging
 10399 | D:7      | Noticed glosham's ghost (novice DgEE)
 10674 | D:7      | Killed glosham's ghost
 10674 | D:7      | Reached skill level 7 in Axes
 10859 | D:6      | Reached skill level 7 in Fighting
 10982 | D:7      | Found a staircase to the Ecumenical Temple.
 11026 | Temple   | Entered the Ecumenical Temple
 11173 | Temple   | Became a worshipper of Cheibriados the Contemplative
 11223 | D:7      | Noticed Dowan
 11224 | D:7      | Noticed Duvessa
 11342 | D:7      | Killed Dowan
 11342 | D:7      | Reached skill level 8 in Axes
 11700 | D:7      | Killed Duvessa
 11841 | D:7      | Found Pounaj's Weapon Emporium.
 11851 | D:7      | Reached XP level 10. HP: 77/86 MP: 14/14
 12041 | D:7      | Found Zin's Purification Station.
 12044 | D:7      | Found a glowing silver altar of Zin.
 12248 | D:7      | Reached skill level 3 in Spellcasting
 12431 | D:8      | Reached * piety under Cheibriados
 12667 | D:8      | Reached skill level 9 in Axes
 13065 | D:7      | Reached skill level 1 in Armour
 13595 | D:8      | Found Cucyutet's Gadget Emporium.
 13603 | D:8      | Bought a wand of teleportation (6) for 360 gold pieces
 13623 | D:8      | Reached skill level 4 in Dodging
 13624 | D:8      | Reached ** piety under Cheibriados
 13631 | D:8      | Reached skill level 10 in Axes
 13631 | D:8      | Reached skill level 2 in Armour
 14217 | D:9      | Noticed a hill giant
 14230 | D:9      | Killed a hill giant
 14230 | D:9      | Reached skill level 3 in Armour
 14655 | D:9      | Reached skill level 11 in Axes
 14859 | D:9      | Reached *** piety under Cheibriados
 15188 | D:10     | Entered Level 10 of the Dungeon
 15280 | D:10     | Reached skill level 4 in Armour
 15317 | D:10     | Reached skill level 5 in Dodging
 15317 | D:10     | Reached XP level 11. HP: 81/92 MP: 11/16
 15774 | D:10     | Reached skill level 12 in Axes
 16005 | D:10     | Reached **** piety under Cheibriados
 16019 | D:10     | Noticed a death yak
 16022 | D:10     | Found a staircase to the Lair.
 16024 | D:10     | Noticed a hill giant
 16027 | D:10     | Reached skill level 5 in Armour
 16466 | D:10     | Noticed a hill giant
 16475 | D:10     | Killed a hill giant
 16678 | D:9      | Killed a death yak
 16679 | D:9      | Reached skill level 13 in Axes
 17138 | D:10     | Killed a hill giant
 17138 | D:10     | Reached skill level 6 in Dodging
 17211 | D:10     | Reached ***** piety under Cheibriados
 17211 | D:10     | Reached skill level 6 in Armour
 17712 | Lair:1   | Entered Level 1 of the Lair of Beasts
 17808 | Lair:1   | Noticed a five-headed hydra
 17817 | Lair:1   | Killed a one-headed hydra
 17823 | Lair:1   | Reached skill level 7 in Armour
 18320 | Lair:1   | Reached skill level 14 in Axes
 18330 | Lair:1   | Reached XP level 12. HP: 98/100 MP: 17/17
 18706 | Lair:1   | Reached ****** piety under Cheibriados
 18871 | Lair:1   | Reached skill level 8 in Armour
 20560 | Lair:3   | Reached skill level 15 in Axes
 20621 | Lair:3   | Noticed an eight-headed hydra
 20629 | Lair:3   | Killed a six-headed hydra
 20875 | Lair:3   | Reached skill level 8 in Fighting
 21189 | Lair:3   | Reached skill level 9 in Armour
 21593 | Lair:4   | Reached skill level 7 in Dodging
 21663 | Lair:4   | Reached skill level 16 in Axes
 21663 | Lair:4   | Reached XP level 13. HP: 98/108 MP: 18/18
 21836 | Lair:4   | Noticed a four-headed hydra
 21846 | Lair:4   | Killed a one-headed hydra
 22068 | Lair:4   | Found a shimmering altar of Xom.
 22511 | Lair:5   | Mangled by a death yak

Vault maps used:
D:1:      minmay_arrival_open_corners, minmay_misc_feat_rows, bh_walls_and_bars
D:2:      lemuel_coloured_pillars_altar, nicolae_overflow_crystal_walls,
          minmay_lizard_king
D:3:      grunt_gozag_breadcrumbs
D:4:      grunt_temple_overflow_open, uniq_eustachio
D:5:      first_bread, minivault_23, hangedman_abyss_or_decor_jellyfish_corner
D:6:      overflow_temple_1_default
D:7:      zin_purify, temple_fountains, serial_shops, kennysheep_mini,
          uniq_duvessa, uniq_pikel
D:8:      serial_shops, nicolae_shop_waterfront
D:10:     dpeg_lair_monsters
Temple:   circular_temple_12
Lair:1:   lemuel_ratsnest, minivault_19, grunt_megastairs_2
Lair:2:   minmay_holes, lemuel_fruit_tree
Lair:3:   serial_bayou_shore_b
Lair:4:   wad_woods_minihive, kb_xom_exploding_sheep
Lair:5:   shoals_dummy_entry, guppyfry_lair_drakes

Vanquished Creatures
  4 hydras
  A death yak
  3 hill giants Pikel
  The ghost of glosham the Digger, a novice DgEE
  A griffon
  2 black mambas
  A gargoyle
  4 spiny frogs
  5 komodo dragons
  A fire drake
  2 two-headed ogres
  2 trolls
  12 blink frogs Eustachio
  21 yaks
  2 basilisks
  3 hippogriffs
  A steam dragon
  3 wolves
  6 crocodiles
  10 porcupines
  5 water moccasins Duvessa
  5 sky beasts
  4 slaves
  A phantom
  3 ogres
  An ice beast
  2 black bears
  3 orc warriors
  9 centaurs
  2 gnoll sergeants
  3 big kobolds
  A brain worm
  9 giant frogs
  A wyvern skeleton
  4 scorpions Dowan
  8 wights
  8 killer bees
  A crimson imp
  3 jellies
  12 orc wizards
  9 orc priests
  2 giant frog skeletons
  6 worker ants
  10 iguanas
  13 sheep
  10 hell rats
  A hound zombie
  14 gnolls
  16 adders
  40 river rats
  2 shadow imps
  2 adder zombies
  An adder skeleton
  4 worms
  7 giant geckos
  41 orcs
  9 bats
  8 giant cockroaches
  4 hobgoblins
  5 quokkas
  A ball python
  21 giant newts
  5 goblins
  12 jackals
  A jackal skeleton
  15 kobolds
  25 rats
  5 fungi
  8 plants
471 creatures vanquished.
